cohdb
Replays
Latest Replays
All Replays
Popular Replays
Top Player Replays
Match Explorer
How It Works
Community
CoH3 Stats
Reddit
Sign in to upload your games and track your stats! →
Sign in with Steam
Match 30692123
Unlisted
Match 30692123
Overview
Messages
Build Orders
End
Construct Section Command Post
Vickers Machine Gun Team
Infantry Section
Infantry Section
ML 3-inch Mortar Team
Construct Field Infirmary
Construct Platoon Command Post
Construct Company Command Post
Infantry Section
Grenade Package
Matilda II Heavy Tank
ROMC
carver093
Vlambulance-YouTube
SovietBuffalo
ECO ZULU Starsilver
CantCNC
Starfucker
鸡鲲球长
0
0
Comments
sign in to comment!
No comments posted yet!